 Dungeon Crawl Stone Soup version 0.19.1-1-g22dce08 (webtiles) character file.

89 Jynx the Firebug (level 4, -3/24 HPs)
             Began as a Tengu Fire Elementalist on Jan 16, 2017.
             Slain by an orc wizard
             ... wielding a +0 dagger
              (5 damage)
             ... on level 3 of the Dungeon.
             The game lasted 00:03:09 (2127 turns).

Jynx the Firebug (Tengu Fire Elementalist)          Turns: 2127, Time: 00:03:10

Health: -3/24      AC:  2    Str:  8    XL:     4   Next: 55%
Magic:  5/9        EV: 17    Int: 16    God:
Gold:   83         SH:  0    Dex: 15    Spells: 1 memorised, 7 levels left

rFire  . . .     SeeInvis .     i - +0 dagger
rCold  . . .     Gourm    .     a - +0 robe
rNeg   + . .     Faith    .     (no shield)
rPois  .         Spirit   .     (helmet restricted)
rElec  .         Reflect  .     (no cloak)
rCorr  .         Harm     .     (no gloves)
MR     .....                    (boots unavailable)
Stlth  ++........               (no amulet)
                                j - +4 ring of evasion
                                e - ring of positive energy

@: very slightly contaminated
A: beak, talons 3
a: no special abilities


You were on level 3 of the Dungeon.
You were not hungry.

You visited 1 branch of the dungeon, and saw 3 of its levels.

You collected 83 gold pieces.

Inventory:

Hand Weapons
 i - a +0 dagger (weapon)
Armour
 a - a +0 robe (worn)
Jewellery
 e - a ring of positive energy (left hand)
 j - a +4 ring of evasion (right hand)
 o - an uncursed ring of poison resistance {unknown}
Scrolls
 g - a scroll of identify
 l - 2 scrolls of blinking
Potions
 d - a potion of resistance {unknown}
 h - a potion of brilliance
 k - a potion of agility {unknown}
 m - 2 potions of lignification
Books
 b - a book of Flames

   Spells                             Type                      Level
   a - Flame Tongue                   Conjuration/Fire             1
   b - Throw Flame                    Conjuration/Fire             2
   c - Conjure Flame                  Conjuration/Fire             3
   d - Inner Flame                    Hexes/Fire                   3
   e - Sticky Flame                   Conjuration/Fire             4
   f - Fireball                       Conjuration/Fire             5
Comestibles
 c - 4 bread rations
 f - 2 meat rations
 n - 2 chunks of flesh


   Skills:
 - Level 2.1 Dodging
 - Level 2.0 Stealth
 + Level 2.7 Spellcasting
 + Level 2.6 Conjurations
 * Level 4.7 Fire Magic


You had 7 spell levels left.
You knew the following spells:

 Your Spells              Type           Power        Failure   Level  Hunger
a - Flame Tongue          Conj/Fire      ##...        6%          1    #......


Dungeon Overview and Level Annotations

Branches:
Dungeon (3/15)

Altars:
Kikubaaqudgha


Innate Abilities, Weirdness & Mutations

You have a beak for a mouth.
You have claws for feet.


Message History

a short sword; a kobold corpse You feel less confused.
The orc misses you.
Casting: Flame Tongue
Confirm with . or Enter, or press ? or * to list all spells.
You don't know that spell.
Casting: Flame Tongue
Confirm with . or Enter, or press ? or * to list all spells.
Aiming: Flame Tongue
Press: ? - help, Shift-Dir - straight line The flame tongue hits something.
The orc hits you with a flail.
* * * LOW HITPOINT WARNING * * *
Casting: Flame Tongue
Confirm with . or Enter, or press ? or * to list all spells.
Aiming: Flame Tongue
Press: ? - help, Shift-Dir - straight line You miscast Flame Tongue.
You are very lightly contaminated with residual magic.
Strange energies run through your body. Something hits you.
You die...

.oo. #...# .....#####
#...#
........?#######..)######.
........oo.....'(.........
.........#######)..#######
.........#######...#
...............'.).+
.........###...#o{.#####
.........# #...#@........
.........# #.. #.########
........# #.. #.. ## #...
#.... #..... #......
#.....##


You could see an orc.

Vanquished Creatures
  An orc wizard (D:3)
  2 adders
  4 dart slugs
  2 leopard geckos (D:1)
  2 giant cockroaches
  3 goblins (D:1)
  A hobgoblin (D:1)
  A quokka (D:2)
  4 bats
  5 frilled lizards
  7 kobolds
  8 rats
  A rat zombie (D:2)
41 creatures vanquished.

Notes
Turn   | Place    | Note
-------+----------+-------------------------------------------
     0 | D:1      | Jynx the Tengu Fire Elementalist began the quest for the Orb.
     0 | D:1      | Reached XP level 1. HP: 10/10 MP: 4/4
   191 | D:1      | Reached XP level 2. HP: 15/15 MP: 3/6
   593 | D:1      | Reached skill level 4 in Fire Magic
   673 | D:1      | Reached XP level 3. HP: 19/19 MP: 5/7
   999 | D:2      | Found an ancient bone altar of Kikubaaqudgha.
  1931 | D:3      | Reached XP level 4. HP: 24/24 MP: 3/8
  2127 | D:3      | Slain by an orc wizard

Skill      XL: |  1  2  3 |
---------------+----------+-----
Fire Magic     | 4 |  4.7
Conjurations   | 2 |  2.6
Dodging        | |  2.1
Stealth        | |  2.0
Spellcasting   | |  2.7

Action                   |  1- 3 |  4- 6 || total
-------------------------+-------+-------++-------
Melee: Unarmed           |     3 |       ||     3
       Kick              |     1 |       ||     1
       Dagger            |       |     1 ||     1
 Cast: Flame Tongue      |    59 |    12 ||    71
  Use: Scroll            |     6 |       ||     6
  Eat: Chunk             |     4 |       ||     4
Armor: Robe              |     3 |     1 ||     4
Dodge: Dodged            |    20 |     3 ||    23
